 Seeded DCSS version 0.30-a0-719-gcc4359ea44 (webtiles) character file.

Game seed: 5430720872467839093 (custom seed)

130 OTABOTABOTAB the Caller (level 5, -1/32 HPs)
             Began as an Octopode Summoner on Jan 26, 2023.
             Slain by an orc wizard
             ... wielding a +0 dagger
              (4 damage)
             ... on level 3 of the Dungeon.
             The game lasted 00:05:24 (2515 turns).

OTABOTABOTAB the Caller (Octopode Summoner)         Turns: 2515, Time: 00:05:25

Health: -1/32      AC:  1    Str: 13    XL:     5   Next: 14%
Magic:  10/10      EV: 13    Int: 19    God:
Gold:   69         SH:  0    Dex: 13    Spells: 1/10 levels left

rFire   . . .      SeeInvis .    a - +0 dagger
rCold   + . .      Faith    .    (no shield)
rNeg    . . .      Spirit   .    (helmet restricted)
rPois   .          Reflect  .    (no amulet)
rElec   .          Harm     .    k - +6 ring of strength
rCorr   .          Rampage  .    C - ring of protection from cold {rC+, !d}
Will    .....                    (no ring)
Stlth   +++                      (no ring)
HPRegen 0.25/turn                (no ring)
MPRegen 0.12/turn                (no ring)
                                 (no ring)
                                 (no ring)

@: no status effects
A: almost no armour, amphibious, 8 rings, camouflage 1, gelatinous body 1,
(nimble swimmer 1), tentacles
a: no special abilities


You were on level 3 of the Dungeon.
You visited 1 branch of the dungeon, and saw 3 of its levels.

You collected 69 gold pieces.

Inventory:

Hand Weapons
 a - a +0 dagger (weapon)
   (You took it off a kobold on level 1 of the Dungeon)
Missiles
 s - 16 stones
Jewellery
 k - a +6 ring of strength (left tentacle)
   (You found it on level 1 of the Dungeon)
 C - a ring of protection from cold (right tentacle) {rC+, !d}
   (You found it on level 2 of the Dungeon)
Scrolls
 c - a scroll of brand weapon {unknown}
 d - a scroll of torment {unknown}
 e - 3 scrolls of amnesia {unknown}
 f - a scroll of identify {unknown}
 g - a scroll of noise {unknown}
 j - a scroll of teleportation {unknown}
 l - 4 scrolls of acquirement {unknown}
 m - a scroll of immolation {unknown}
 n - a scroll of fog {unknown}
 o - a scroll of enchant armour {unknown}
Potions
 b - a potion of mutation {unknown}
 i - a potion of attraction {unknown}
 J - a potion of curing {@q1}
 M - a potion of magic


   Skills:
 + Level 0.6 Fighting
 + Level 2.2 Dodging
 - Level 2.6 Stealth
 + Level 3.4 Spellcasting
 + Level 0.6 Hexes
 + Level 5.1 Summonings


You had one spell level left.
You knew the following spells:

 Your Spells              Type           Power      Damage    Failure   Level
a - Summon Small Mammal   Summ           88%        N/A       1%          1
b - Call Canine Familiar  Summ           22%        N/A       5%          3
c - Call Imp              Summ           22%        N/A       2%          2
d - Summon Guardian Gole  Hex/Summ       14%        N/A       14%         3

Your spell library contained the following spells:

 Spells                   Type           Power      Damage    Failure   Level
 Summon Lightning Spire   Summ/Air       12%        N/A       45%         4


Dungeon Overview and Level Annotations

Branches:
Dungeon (3/15)

Altars:

Shops:
D:2 ?


Innate Abilities, Weirdness & Mutations

You cannot wear most types of armour.
You are amphibious.
You can wear up to eight rings at the same time.
Your skin changes colour to match your surroundings (Stealth+).
Your rubbery body absorbs attacks. (AC +1, EV +1)
((You are camouflaged when in or above water. (Stealth+)))
You have tentacles for arms and can constrict up to eight enemies at once.


Message History

Your quokka disappears in a puff of smoke!
Your quokka disappears in a puff of smoke!
Your hound disappears in a puff of smoke!
s - 16 stones (gained 4)
Things that are here:
a +0 short sword; a hobgoblin corpse
Found a stone staircase leading down.
No target in view!
Health restored: 32; MP restored: 10 No target in view!
You swap places.
Found a stone staircase leading down.
There is a stone staircase leading down here.
There is a stone staircase leading down here.
You swap places.
Your white imp disappears in a puff of smoke!
l - 4 scrolls labelled ICHANW HIUVOTE (gained 1)
An endoplasm comes into view.
An endoplasm is nearby!
An endoplasm is nearby!
An endoplasm is nearby!
An endoplasm is nearby!
You miscast Call Imp.
You are very lightly contaminated with residual magic.
Nothing appears to happen.
You now have 8/10 mp.
You now have 5/10 mp.
A beastly little devil appears in a puff of flame.
You now have 3/10 mp.
You now have 2/10 mp.
The endoplasm quivers.
Your hound bites the endoplasm.
The endoplasm hits your hound.
Your hound bites the endoplasm.
The endoplasm dies!
No target in view!
No target in view!
No target in view!
Your magical contamination has completely faded away.
Your crimson imp disappears in a puff of smoke!
Your quokka disappears in a puff of smoke!
You swap places.
Found a stone staircase leading up.
MP restored: 10 You swap places.
Your hound disappears in a puff of smoke!
Things that are here:
a +0 flail; a gnoll skeleton
There is a stone staircase leading down here.
Done exploring.
Done exploring.
Done exploring.
Done exploring.
Done exploring.
Done exploring.
Done exploring.
Unknown command.
Done exploring.
Done exploring.
Done exploring.
(D) Dungeon
Where to? (Enter - D:2, ? - help)
There is a stone staircase leading down here.
You climb downwards.
The hobgoblin shouts!
You hear an angry hiss.
The orc wizard shouts!
The orc shouts!
The orc priest shouts!
The orc shouts!
The hobgoblin shouts!
Found six items.
Found an escape hatch in the ceiling.
Found two stone staircases leading down and a stone staircase leading up.
There is a stone staircase leading up here.
There are monsters nearby!
The orc wizard points at you and mumbles some strange words.
You are confused.
In your confused state, you trip and fall back down the stairs.
The orc wizard casts a spell at you. The puff of flame hits you!
You take 12 damage, and have 20/32 hp.
MASSIVE DAMAGE!!
The orc hits you with a +0 flail.
In your confused state, you trip and fall back down the stairs.
The orc closely misses you. The orc priest closely misses you.
The orc wizard hits you with a +0 dagger.
The orc completely misses you.
You take 7 damage, and have 13/32 hp.
MASSIVE DAMAGE!!
You are too confused!
It was a potion of curing.
You feel better.
J - a potion of curing The orc barely misses you.
The orc priest hits you with a +0 club.
The orc wizard hits you with a +0 dagger.
The orc hits you with a +0 flail!
* * * LOW HITPOINT WARNING * * *
The hobgoblin misses you.
You take 7 damage, and have 6/32 hp.
MASSIVE DAMAGE!!
The ball python bites you.
* * * LOW HITPOINT WARNING * * *
The ball python misses you. The orc hits you but does no damage.
The orc priest hits you with a +0 club.
* * * LOW HITPOINT WARNING * * *
The orc wizard hits you with a +0 dagger.
You die...

##........>.
##...........
###............
..............
#.........$..
#...........!
#...Sgog...#
#..>@oo../#
#...oo..).#
#....!.....#
#.<........#
#..........#
............#
###........(..#
##.......<...


You could see an orc priest, an orc wizard, 3 orcs, 2 hobgoblins and a ball
python.

Vanquished Creatures
  2 bats (D:2)
  An endoplasm (D:1)
  2 goblins (D:2)
  2 hobgoblins
  2 jackals (D:1)
  2 quokkas (D:1)
  2 ball pythons (D:1)
  A kobold (D:1)
14 creatures vanquished.

Vanquished Creatures (collateral kills)
  A necrophage (D:2)
  3 gnolls (D:2)
  An adder (D:2)
  A bat (D:1)
  4 endoplasms
  2 goblins (D:1)
  2 jackals (D:1)
  4 kobolds
  A frilled lizard (D:2)
  A rat (D:1)
20 creatures vanquished.

Grand Total: 34 creatures vanquished

Notes
Turn   | Place    | Note
-------+----------+-------------------------------------------
     0 | D:1      | OTABOTABOTAB the Octopode Summoner began the quest for the
                  | Orb.
     0 | D:1      | Reached XP level 1. HP: 11/11 MP: 3/3
   230 | D:1      | Reached XP level 2. HP: 8/17 MP: 0/5
   232 | D:1      | HP: 4/17 [kobold/+0 whip (4)]
   326 | D:1      | Learned a level 2 spell: Call Imp
  1105 | D:1      | Reached XP level 3. HP: 21/21 MP: 6/6
  1109 | D:1      | Learned a level 3 spell: Call Canine Familiar
  1596 | D:2      | Found Doddoiw's Magic Scroll Shoppe.
  1698 | D:2      | Noticed a necrophage
  1746 | D:2      | Killed a necrophage
  1747 | D:2      | Reached skill level 3 in Spellcasting
  1747 | D:2      | Reached XP level 4. HP: 27/27 MP: 0/8
  1751 | D:2      | Learned a level 3 spell: Summon Guardian Golem
  1928 | D:2      | Reached skill level 5 in Summonings
  2037 | D:2      | Reached XP level 5. HP: 32/32 MP: 3/10
  2514 | D:3      | HP: 6/32 [orc/+0 flail (10)]
  2515 | D:3      | Slain by an orc wizard

Illustrated notes

Levels and vault maps discovered:
D:1:      dpeg_arrival_boxes_within_box, layout_basic
D:2:      layout_loops_ring, serial_shops, shop, nicolae_kite_square_tiling_tiny
D:3:      layout_rooms, okawaru_metal_pillars_3, ebering_ecumenical_altar_rust

Skill      XL: |  1  2  3  4 |
---------------+-------------+-----
Spellcasting   | 3 |  3.4
Summonings     | 5 |  5.1
Fighting       | |  0.6
Dodging        | |  2.2
Stealth        | |  2.6
Hexes          | |  0.6

Action                     |  1- 3 |  4- 6 || total
---------------------------+-------+-------++-------
  Melee: Dagger            |    22 |     6 ||    28
         Unarmed           |     4 |       ||     4
         Tentacles         |     8 |     3 ||    11
         Constrict         |     5 |     2 ||     7
  Throw: Stone             |     3 |       ||     3
   Cast: Summon Small Mamm |    30 |     7 ||    37
         Call Imp          |    14 |     4 ||    18
         Call Canine Famil |     2 |     3 ||     5
    Use: Potion            |       |     1 ||     1
   Stab: Sleeping          |     1 |       ||     1
 Armour: Skin              |     5 |     2 ||     7
  Dodge: Dodged            |    29 |    10 ||    39

Table legend: (Time is in decaauts)
 A = Elapsed time spent in this place.
 B = Non-inter-level travel time spent in this place.
 C = Inter-level travel time spent in this place.
 D = Time resting spent in this place.
 E = Time spent auto-exploring this place.
 F = Levels seen in this place.
 G = Mean time per level.
                   A        B        C        D        E       F      G
               +--------+--------+--------+--------+--------+-----+--------+
         Total |   2513 |   2431 |     82 |     82 |   2004 |   3 |  837.7 |
       Dungeon |   2513 |   2431 |     82 |     82 |   2004 |   3 |  837.7 |
               +--------+--------+--------+--------+--------+-----+--------+

Top non-repeatable levels by time:
     D:1: 1441 daAuts
     D:2: 1066 daAuts
     D:3: 5 daAuts

Table legend:
 A = Kills in this place as a percentage of kills in entire the game.
 B = Kills by you in this place as a percentage of kills by you in the entire game.
 C = Kills by friends in this place as a percentage of kills by friends in the entire game.
 D = Other kills in this place as a percentage of other kills in the entire game.
 E = Experience gained in this place as a percentage of experience gained in the entire game.
 F = Experience gained in this place divided by the number of levels of this place that you have seen.
                   A       B       C       D       E      F
               +-------+-------+-------+-------+-------+----------------------
         Total | 100.0 | 100.0 | 100.0 |   N/A | 100.0 |  62.3
       Dungeon | 100.0 | 100.0 | 100.0 |   N/A | 100.0 |  62.3
               +-------+-------+-------+-------+-------+----------------------
